 Dungeon Crawl Stone Soup version 0.28-a0-973-ga7f8b01127 (webtiles) character file.

Game seed: 11540248913557576727

340 sokol815 the Grasshopper (level 6, -1/51 HPs)
             Began as a Gnoll Warper on Dec 2, 2021.
             Killed from afar by Ijyb (22 damage)
             ... with a bolt of acid
             ... on level 4 of the Dungeon.
             The game lasted 00:12:03 (5040 turns).

sokol815 the Grasshopper (Gnoll Warper)             Turns: 5040, Time: 00:12:04

Health: -1/51      AC:  7    Str: 10    XL:     6   Next: 56%
Magic:  23/23      EV:  9    Int: 13    God:
Gold:   170        SH:  0    Dex: 13    Spells: 15/15 levels left

rFire   . . .      SeeInvis .   a - +1 whip (vamp)
rCold   . . .      Faith    .   (no shield)
rNeg    . . .      Spirit   .   r - +0 chain mail
rPois   .          Reflect  .   u - +0 helmet
rElec   .          Harm     .   (no cloak)
rCorr   .          Rampage  .   (no gloves)
Will    .....                   p - +0 pair of boots
Stlth   ..........              (no amulet)
HPRegen 0.17/turn               E - +4 ring of evasion
MPRegen 0.18/turn               e - ring of magical power {MP+9}

@: corroded
A: fangs 1, strong nose, distributed training
a: no special abilities


You were on level 4 of the Dungeon.
You visited 1 branch of the dungeon, and saw 5 of its levels.
You also visited: Sewer.

You collected 170 gold pieces.

Inventory:

Hand Weapons
 a - a +1 vampiric whip (weapon)
   (You found it on level 1 of the Dungeon)
 f - a +0 hand axe
Missiles
 c - 77 sling bullets
 d - 5 boomerangs of dispersal {=f}
 i - 24 arrows
 k - 23 poisoned darts
 n - 3 boomerangs
 s - 75 stones (quivered)
Armour
 p - a +0 pair of boots (worn)
   (You found it on level 2 of the Dungeon)
 r - a +0 chain mail (worn)
   (You took it off Terence on level 3 of the Dungeon)
 u - a +0 helmet (worn)
   (You found it on level 3 of the Dungeon)
Magical Staves
 h - a staff of earth
   (You found it on level 3 of the Dungeon)
Jewellery
 e - a ring of magical power (right hand) {MP+9}
   (You found it on level 4 of the Dungeon)
 E - a +4 ring of evasion (left hand)
   (You found it on level 4 of the Dungeon)
Wands
 q - a wand of flame (35)
   (You took it off Terence on level 3 of the Dungeon)
Scrolls
 g - a scroll of identify {@r1}
 l - a scroll of fear {unknown}
 m - a scroll of summoning {unknown}
 K - a scroll of immolation {!r}
Potions
 b - a potion of mutation {unknown}
 j - a potion of magic {unknown}
 J - a potion of curing {@q1}


   Skills:
 + Level 5.0 Fighting
 + Level 2.0 Short Blades
 + Level 2.0 Long Blades
 + Level 5.0 Axes
 + Level 2.0 Maces & Flails
 + Level 2.0 Polearms
 + Level 2.0 Staves
 + Level 2.0 Slings
 + Level 2.0 Bows
 + Level 2.0 Crossbows
 + Level 3.3 Throwing
 + Level 3.3 Armour
 + Level 5.0 Dodging
 + Level 2.0 Stealth
 + Level 2.0 Shields
 + Level 2.0 Unarmed Combat
 + Level 5.4 Spellcasting
 + Level 1.6 Conjurations
 + Level 1.6 Hexes
 + Level 1.6 Summonings
 + Level 1.6 Necromancy
 + Level 5.7 Translocations
 + Level 1.6 Transmutations
 + Level 1.6 Fire Magic
 + Level 1.6 Ice Magic
 + Level 1.6 Air Magic
 + Level 1.6 Earth Magic
 + Level 1.6 Poison Magic
 + Level 2.2 Invocations
 + Level 2.0 Evocations


You had 15 spell levels left.
You didn't know any spells.
Your spell library contained the following spells:

 Spells                   Type           Power      Damage    Failure   Level
 Blink                    Tloc           36%        N/A       86%         2
 Gell's Gravitas          Tloc           18%        N/A       97%         3
 Lesser Beckoning         Tloc           18%        N/A       97%         3
 Teleport Other           Tloc           18%        N/A       97%         3
 Static Discharge         Conj/Air       7%         N/A       100%        2
 Call Canine Familiar     Summ           7%         N/A       100%        3
 Portal Projectile        Hex/Tloc       26%        N/A       100%        3
 Dispel Undead            Necr           7%         3d8       100%        4
 Leda's Liquefaction      Hex/Erth       3%         N/A       100%        4
 Sticky Flame             Conj/Fire      7%         2d3       100%        4
 Manifold Assault         Tloc           18%        N/A       100%        5


Dungeon Overview and Level Annotations

Branches:
Dungeon (5/15)              Sewer (visited)
 Temple: D:4-7

Altars:
Sif Muna

Shops:
D:2 =

Annotations:
D:4 Ijyb
D:5 Eustachio


Innate Abilities, Weirdness & Mutations

You have very sharp teeth.
Your uncanny sense of smell can sniff out nearby items.
Your experience applies equally to all skills.


Message History

You closely miss the kobold. Your punch misses the kobold.
The kobold closely misses you.
You hit the kobold. The kobold barely misses you.
You hit the kobold.
You kill the kobold!
No target in view!
No target in view!
There is an open door here.
Things that are here:
a +0 short sword; a kobold corpse As you open the door, it creaks loudly!
A giant cockroach comes into view.
You hit the giant cockroach but do no damage.
You bite the giant cockroach, but do no damage.
The giant cockroach bites you but does no damage.
You hit the giant cockroach but do no damage.
The giant cockroach barely misses you.
You barely miss the giant cockroach. Your bite misses the giant cockroach.
The giant cockroach barely misses you.
Your chain mail prevents you from hitting the giant cockroach.
The giant cockroach bites you but does no damage.
The giant cockroach closely misses you.
You closely miss the giant cockroach. The giant cockroach barely misses you.
You hit the giant cockroach but do no damage.
You bite the giant cockroach, but do no damage.
The giant cockroach closely misses you.
You closely miss the giant cockroach.
The giant cockroach bites you but does no damage.
You hit the giant cockroach. The giant cockroach barely misses you.
You closely miss the giant cockroach.
You bite the giant cockroach, but do no damage.
The giant cockroach barely misses you.
The giant cockroach bites you but does no damage.
You hit the giant cockroach.
You kill the giant cockroach!
No target in view!
No target in view!
There is an open door here.
n - 3 boomerangs
There is an open door here.
You open the door. You open the door.
There is an open door here.
You pick up a book of Touch and begin reading...
You add the spells Static Discharge, Sticky Flame and Dispel Undead to your library.
Done exploring.
There is an open door here.
There is an empty arch of ancient stone here.
There is a gate leading back out of this place here.
Okay, then.
Okay, then.
Welcome back to the Dungeon!
Level annotation: Ijyb The goblin hits you but does no damage.
The goblin barely misses you.
There is a collapsed entrance here.
You hit the giant cockroach but do no damage.
The goblin hits you with a +0 club.
The giant cockroach bites you but does no damage.
You take 3 damage, and have 48/51 hp.
You hit the giant cockroach but do no damage.
The goblin hits you but does no damage.
The giant cockroach bites you but does no damage.
You closely miss the giant cockroach. The giant cockroach bites you.
The goblin hits you but does no damage.
You barely miss the giant cockroach.
The giant cockroach bites you but does no damage.
The goblin barely misses you.
Your chain mail prevents you from hitting the giant cockroach.
The giant cockroach bites you but does no damage.
The goblin hits you but does no damage.
You hit the giant cockroach.
The giant cockroach bites you but does no damage.
The goblin barely misses you.
The giant cockroach bites you but does no damage.
You closely miss the giant cockroach. The goblin hits you with a +0 club.
The giant cockroach barely misses you.
You take 3 damage, and have 45/51 hp.
You hit the giant cockroach.
You feel better.
You kill the giant cockroach!
The goblin barely misses you.
You hit the adder skeleton.
The adder skeleton bites you but does no damage.
Ijyb zaps a wand.
The bolt of acid hits the goblin!
The acid corrodes the goblin!
The goblin dies!
The bolt of acid hits you!!
Ouch! That really hurt!
The acid corrodes you!
You take 25 damage, and have 21/51 hp.
MASSIVE DAMAGE!!
Aim: Ijyb, wielding a +5 club, wearing a +1 leather armour of fire resistance and carrying a wand of acid (8) (64% to hit)
The puff of flame hits Ijyb.
Ijyb resists.
The adder skeleton bites you but does no damage. x2
Aim: Ijyb, wielding a +5 club, wearing a +1 leather armour of fire resistance and carrying a wand of acid (8) (steam, lightly wounded, 64% to hit)
The puff of flame hits Ijyb.
Ijyb resists.
The adder skeleton is engulfed in a cloud of scalding steam.
You destroy the adder skeleton!
Ijyb zaps a wand.
The bolt of acid hits you!!
You die...

#########.......##.#......
........#Z####..$....#.###
........#..##.>.....#.....
...........$......!....[..
.......Z).................
........###.####..........
.......Z#≈###≈≈##÷.....<..
.......g#≈§§§≈≈≈≈#........
........#@)g§≈≈≈≈#...<....
######..#≈###≈≈##'........
#..###.####..........
#.........Z..........
###############....##
######


You could see Ijyb.

Vanquished Creatures
  Pargi (Sewer)
  A hound (D:4)
  Terence (D:3)
  5 gnolls
  6 adders
  An ufetubus (D:3)
  An adder skeleton (D:4)
  2 dart slugs
  3 orcs
  5 endoplasms
  9 giant cockroaches
  5 goblins
  5 hobgoblins
  4 jackals
  9 kobolds
  3 quokkas
  6 ball pythons
  9 bats
  5 frilled lizards
  4 rats
85 creatures vanquished.

Vanquished Creatures (others)
  2 goblins (D:4)
2 creatures vanquished.

Grand Total: 87 creatures vanquished

Notes
Turn   | Place    | Note
-------+----------+-------------------------------------------
     0 | D:1      | sokol815 the Gnoll Warper began the quest for the Orb.
     0 | D:1      | Reached XP level 1. HP: 20/20 MP: 6/6
   373 | D:2      | Reached XP level 2. HP: 22/26 MP: 7/7
   987 | D:1      | Reached XP level 3. HP: 18/31 MP: 9/9
   991 | D:1      | Reached skill level 5 in Spellcasting
  1443 | D:1      | Reached skill level 1 in Invocations
  1767 | D:1      | Found a faded altar of an unknown god.
  1878 | D:2      | Reached skill level 1 in Short Blades
  1878 | D:2      | Reached skill level 1 in Long Blades
  1878 | D:2      | Reached skill level 1 in Maces & Flails
  1878 | D:2      | Reached skill level 1 in Polearms
  1878 | D:2      | Reached skill level 1 in Staves
  1878 | D:2      | Reached skill level 1 in Slings
  1878 | D:2      | Reached skill level 1 in Bows
  1878 | D:2      | Reached skill level 1 in Crossbows
  1878 | D:2      | Reached skill level 1 in Stealth
  1878 | D:2      | Reached skill level 1 in Shields
  1878 | D:2      | Reached skill level 1 in Unarmed Combat
  1878 | D:2      | Reached skill level 1 in Evocations
  1878 | D:2      | Reached XP level 4. HP: 34/38 MP: 11/11
  1999 | D:2      | Found Wunaw's Jewellery Shop.
  2559 | D:2      | Reached skill level 1 in Conjurations
  2559 | D:2      | Reached skill level 1 in Hexes
  2559 | D:2      | Reached skill level 1 in Summonings
  2559 | D:2      | Reached skill level 1 in Necromancy
  2559 | D:2      | Reached skill level 1 in Transmutations
  2559 | D:2      | Reached skill level 1 in Fire Magic
  2559 | D:2      | Reached skill level 1 in Ice Magic
  2559 | D:2      | Reached skill level 1 in Air Magic
  2559 | D:2      | Reached skill level 1 in Earth Magic
  2559 | D:2      | Reached skill level 1 in Poison Magic
  2902 | D:3      | HP: 3/38 [gnoll (8)]
  2905 | D:3      | Reached XP level 5. HP: 43/43 MP: 12/12
  3067 | D:3      | Noticed Terence
  3085 | D:3      | HP: 10/43 [Terence (1)]
  3089 | D:3      | HP: 4/43 [Terence (4)]
  3092 | D:3      | Killed Terence
  3097 | D:3      | Reached skill level 3 in Throwing
  3097 | D:3      | Reached skill level 3 in Armour
  4025 | D:3      | You fall into a shaft and drop 2 floors!
  4025 | D:5      | Entered Level 5 of the Dungeon
  4025 | D:5      | Noticed Eustachio
  4025 | D:5      | Found a shimmering blue altar of Sif Muna.
  4164 | D:4      | Noticed a phantom
  4202 | D:4      | Reached skill level 2 in Invocations
  4202 | D:4      | Reached XP level 6. HP: 30/50 MP: 13/13
  4239 | D:4      | HP: 8/50 [phantom (5)]
  4247 | D:4      | Noticed Ijyb
  4250 | D:4      | HP: 6/50 [Ijyb/bolt of acid (26)]
  4728 | D:4      | Found a glowing drain.
  4732 | Sewer    | Entered a sewer
  4790 | Sewer    | Noticed Pargi
  4823 | Sewer    | Killed Pargi
  4824 | Sewer    | Reached skill level 5 in Fighting
  4824 | Sewer    | Reached skill level 2 in Short Blades
  4824 | Sewer    | Reached skill level 2 in Long Blades
  4824 | Sewer    | Reached skill level 5 in Axes
  4824 | Sewer    | Reached skill level 2 in Maces & Flails
  4824 | Sewer    | Reached skill level 2 in Polearms
  4824 | Sewer    | Reached skill level 2 in Staves
  4824 | Sewer    | Reached skill level 2 in Slings
  4824 | Sewer    | Reached skill level 2 in Bows
  4824 | Sewer    | Reached skill level 2 in Crossbows
  4824 | Sewer    | Reached skill level 5 in Dodging
  4824 | Sewer    | Reached skill level 2 in Stealth
  4824 | Sewer    | Reached skill level 2 in Shields
  4824 | Sewer    | Reached skill level 2 in Unarmed Combat
  4824 | Sewer    | Reached skill level 2 in Evocations
  5040 | D:4      | Killed from afar by Ijyb

Illustrated notes

Levels and vault maps discovered:
D:1:      grunt_arrival_crossed_arrows, layout_rooms,
          shapermc_ecumenical_altar_petra
D:2:      layout_loops_ring, serial_shops, nicolae_shop_crystal
D:3:      layout_basic, uniq_terence
D:4:      layout_rooms, gup_sewer_entry_bowl, st_stairs_6, uniq_ijyb
D:5:      layout_rooms, nicolae_sif_muna_condensation, serial_shops,
          nicolae_diamond_shop, uniq_eustachio, uniq_pikel, uniq_duvessa

Skill      XL: |  1  2  3  4  5  6 |
---------------+-------------------+-----
Spellcasting   | 5 |  5.4
Invocations    | 1 2 |  2.2
Short Blades   | 1 2 |  2.0
Long Blades    | 1 2 |  2.0
Maces & Flails | 1 2 |  2.0
Polearms       | 1 2 |  2.0
Staves         | 1 2 |  2.0
Slings         | 1 2 |  2.0
Bows           | 1 2 |  2.0
Crossbows      | 1 2 |  2.0
Stealth        | 1 2 |  2.0
Shields        | 1 2 |  2.0
Unarmed Combat | 1 2 |  2.0
Evocations     | 1 2 |  2.0
Conjurations   | 1 |  1.6
Hexes          | 1 |  1.6
Summonings     | 1 |  1.6
Necromancy     | 1 |  1.6
Transmutations | 1 |  1.6
Fire Magic     | 1 |  1.6
Ice Magic      | 1 |  1.6
Air Magic      | 1 |  1.6
Earth Magic    | 1 |  1.6
Poison Magic   | 1 |  1.6
Throwing       | 3 |  3.3
Armour         | 3 |  3.3
Fighting       | 5 |  5.0
Axes           | 5 |  5.0
Dodging        | 5 |  5.0
Translocations | |  5.7

Action                   |  1- 3 |  4- 6 || total
-------------------------+-------+-------++-------
Melee: Hand axe          |    70 |       ||    70
       Bite              |     7 |    20 ||    27
       Whip              |    78 |   309 ||   387
       Punch             |       |     1 ||     1
Throw: Stone             |    13 |    81 ||    94
Evoke: Wand              |       |     2 ||     2
  Use: Potion            |       |     4 ||     4
       Scroll            |       |     6 ||     6
Armor: Leather armour    |    36 |       ||    36
       Ring mail         |    11 |    19 ||    30
       Chain mail        |       |   262 ||   262
Dodge: Dodged            |   104 |   183 ||   287

Table legend: (Time is in decaauts)
 A = Elapsed time spent in this place.
 B = Non-inter-level travel time spent in this place.
 C = Inter-level travel time spent in this place.
 D = Time resting spent in this place.
 E = Time spent auto-exploring this place.
 F = Levels seen in this place.
 G = Mean time per level.
                   A        B        C        D        E       F      G
               +--------+--------+--------+--------+--------+-----+--------+
         Total |   5064 |   4893 |    171 |   1402 |   2340 |   6 |  844.0 |
       Dungeon |   4767 |   4596 |    171 |   1402 |   2144 |   5 |  953.4 |
         Sewer |    297 |    297 |      0 |      0 |    196 |   1 |  297.0 |
               +--------+--------+--------+--------+--------+-----+--------+

Top non-repeatable levels by time:
     D:2: 1714 daAuts
     D:3: 1575 daAuts
     D:1: 1139 daAuts
     D:4: 323 daAuts
   Sewer: 297 daAuts
     D:5: 14 daAuts

Table legend:
 A = Kills in this place as a percentage of kills in entire the game.
 B = Kills by you in this place as a percentage of kills by you in the entire game.
 C = Kills by friends in this place as a percentage of kills by friends in the entire game.
 D = Other kills in this place as a percentage of other kills in the entire game.
 E = Experience gained in this place as a percentage of experience gained in the entire game.
 F = Experience gained in this place divided by the number of levels of this place that you have seen.
                   A       B       C       D       E      F
               +-------+-------+-------+-------+-------+----------------------
         Total | 100.0 | 100.0 |   N/A |   N/A | 100.0 |  82.0
       Dungeon |  92.9 |  92.9 |   N/A |   N/A |  69.7 |  68.6
         Sewer |   7.1 |   7.1 |   N/A |   N/A |  30.3 | 149.0
               +-------+-------+-------+-------+-------+----------------------
